 Dungeon Sprint DCSS version 0.28.0-49-g6dfe1f597d (webtiles) character file.

Game seed: 11226481198289032993

0 GigaChad the Shield-Bearer (level 1, -7/19 HPs)
             Began as a Minotaur Fighter on May 11, 2022.
             Mangled by a draconian
             ... wielding a +0 short sword
              (20 damage)
             ... in the Dungeon (Sprint V: "Ziggurat Sprint").
             The game lasted 00:08:38 (250 turns).

GigaChad the Shield-Bearer (Minotaur Fighter)        Turns: 250, Time: 00:08:38

Health: -7/19      AC: 21    Str: 20    XL:     1   Next: 0%
Magic:  0/0        EV: -1    Int:  5    God:
Gold:   0          SH: 14    Dex:  9    Spells: 0/0 levels left

rFire   . . .      SeeInvis +   O - +14 obsidian axe {vorpal, Mesm Drain Fly SInv}
rCold   . . .      Faith    .   l - +3 tower shield
rNeg    . . .      Spirit   .   k - +5 crystal plate armour
rPois   .          Reflect  .   (helmet restricted)
rElec   .          Harm     .   (no cloak)
rCorr   .          Rampage  .   (no gloves)
Will    .....      NoTele   +   (no boots)
Stlth   ..........              (no amulet)
HPRegen 0.06/turn               (no ring)
MPRegen 0.07/turn               (no ring)

@: flying, mesmerised, very slow
A: reduced essence, horns 2, retaliatory headbutt
a: no special abilities


You were in the Dungeon.
You visited 1 branch

Inventory:

Hand Weapons
 a - a +0 long sword
 m - a +5 arbalest
 n - a +5 fustibalus
 o - a +5 triple crossbow
 L - the +6 Majin-Bo {vamp, MP+6 Int+6}
   (You found it in the Dungeon)

   It occasionally heals its wielder for a portion of the damage dealt when they
   wound a living foe with it or with a spell.
   Its wielder's spells cost health as well as magical power.
   Int:       It affects your intelligence (+6).
   MP:        It affects your magic capacity (+6).
 M - the +10 dark maul {vorpal}
   (You found it in the Dungeon)

   It inflicts extra damage upon your enemies.
 N - the +9 heavy crossbow "Sniper" {vorpal, Acc+∞ SInv}
   (You found it in the Dungeon)

   Any ammunition fired from it inflicts extra damage upon your enemies.
   Any ammunition fired from it never misses its target.
   SInv:      It lets you see invisible.
 O - the +14 obsidian axe (weapon) {vorpal, Mesm Drain Fly SInv}
   (You found it in the Dungeon)

   It inflicts extra damage upon your enemies.
   It occasionally summons demons to assist the wielder when it strikes in
   combat.
   Its wielder is mesmerised by any visible foes.
   It cannot be unequipped while any foes are visible.
   SInv:      It lets you see invisible.
   Fly:       It grants you flight.
   Drain:     It drains your maximum health when unequipped.
 P - the +7 Singing Sword {vorpal, sonic wave}
   (You found it in the Dungeon)

   It inflicts extra damage upon your enemies.
   It radiates damaging sonic waves as it strikes, especially in combat
   involving dangerous or numerous foes.
 Q - the +7 great mace "Firestarter" {inner flame, rF++}
   (You found it in the Dungeon)

   It burns those it strikes, dealing additional fire damage.
   It fills those it strikes with an explosive inner flame.
   It grants immunity to clouds of flame.
   rF:        It greatly protects you from fire.
 R - the +8 lance "Wyrmbane" {slay drac, rPois rF+ rC+ AC+3}
   (You found it in the Dungeon)

   It inflicts extra damage against dragons and draconians.
   AC:        It affects your AC (+3).
   rF:        It protects you from fire.
   rC:        It protects you from cold.
   rPois:     It protects you from poison.
 S - the +7 mace of Variability {chain chaos}
   (You found it in the Dungeon)

   Each time it hits an enemy it has a different, random effect.
   It occasionally unleashes arcs of chaos on nearby creatures upon striking a
   foe.
 T - the +11 plutonium sword {Contam Stlth-}
   (You found it in the Dungeon)

   It occasionally inflicts wild transmutation effects on those it strikes,
   inflicting malmutation or extra damage, or polymorphing them into a new form.
   Contam:    It causes magical contamination when unequipped.
   Stlth:     It makes you less stealthy.
 U - the +13 scythe of Curses {drain, Drain}
   (You found it in the Dungeon)

   A truly terrible weapon, it drains the life of any living foe it strikes.
   It inflicts powerful necromantic curses on any living foe it strikes.
   Drain:     It drains your maximum health when unequipped.
 V - the +6 shillelagh "Devastator" {shatter}
   (You found it in the Dungeon)

   It releases a powerful concussive burst when it strikes, dealing extra damage
   to the target and all other foes adjacent to them.
 W - the +8 storm bow {elec, penet}
   (You found it in the Dungeon)

   Any ammunition fired from it occasionally discharges a powerful burst of
   electricity upon striking a foe.
   Any ammunition fired by it passes through the targets it hits, potentially
   hitting all targets in its path until it reaches maximum range.
 X - the +5 sword of Power {vorpal}
   (You found it in the Dungeon)

   It inflicts extra damage upon your enemies.
   It occasionally discharges a powerful but inaccurate bolt of energy upon
   striking a foe, with increased chance the greater the wielder's current
   health.
 Y - the +9 sword of Zonguldrok {reap}
   (You found it in the Dungeon)

   Any living foe damaged by it may be reanimated upon death as a zombie
   friendly to the wielder, with an increasing chance as more damage is dealt.
Missiles
 p - 1000 arrows
 q - 1000 bolts
Armour
 b - a +0 scale mail
 c - a +0 buckler
 k - a +5 crystal plate armour (worn)
 l - a +3 tower shield (worn)
Jewellery
 D - a ring of flight
 E - a +6 ring of dexterity
 F - a +6 ring of dexterity
 G - a +6 ring of intelligence
 H - a +6 ring of intelligence
 I - a +6 ring of strength
 J - a +6 ring of strength
Wands
 y - a wand of mindburst (7)
 B - a wand of iceblast (7)
 C - a wand of acid (7)
Scrolls
 j - 4 scrolls of blinking
 r - 4 scrolls of amnesia
 s - 7 scrolls of fog
 t - a scroll of holy word
 u - 5 scrolls of identify
 v - 2 scrolls of fear
Potions
 d - 6 potions of might
 e - 10 potions of curing
 f - 10 potions of heal wounds
 g - 6 potions of haste
 h - 7 potions of magic
 i - 3 potions of berserk rage
 w - 2 potions of brilliance
 x - 2 potions of invisibility
 z - 4 potions of resistance
 A - a potion of experience
Miscellaneous
 K - a lightning rod (4/4)


   Skills:
 + Level 3.6 Fighting
 + Level 2.4 Long Blades
 + Level 3.6 Armour
 + Level 3.6 Shields


You couldn't memorise any spells.
You didn't know any spells.
Your spell library contained the following spells:

 Spells                   Type           Power      Damage    Failure   Level
 Petrify                  Tmut/Erth      0%         N/A       100%        4
 Iron Shot                Conj/Erth      0%         9d1       100%        6
 Lehudib's Crystal Spear  Conj/Erth      0%         10d2      100%        8


Dungeon Overview and Level Annotations

Branches:
Dungeon (1/1)

Altars:
Ashenzari
Cheibriados
Dithmenos
Elyvilon
Fedhas
Gozag
Hepliaklqana
Kikubaaqudgha
Makhleb
Nemelex Xobeh
Okawaru
Qazlal
Ru
Sif Muna
Trog
Uskayaw
Vehumet
Wu Jian
Xom
Yredelemnul
Zin
The Shining One
Beogh
Jiyva
Lugonu

Annotations:
D 1 transporter


Innate Abilities, Weirdness & Mutations

Your life essence is reduced to manifest your ancestor. (-10% HP)
You have a pair of horns on your head.
You reflexively headbutt those who attack you in melee.


Message History

You block the endoplasm's attack.
The endoplasm hits you but does no damage.
You block the endoplasm's attack. x2
You slash the endoplasm!
You break out of your daze!
You kill the endoplasm!
That felt strangely unrewarding.
You slash the endoplasm!
You kill the endoplasm!
That felt strangely unrewarding.
You pick up Sif Muna's Papyrus of Earthen Moulding and begin reading...
You add the spells Petrify, Iron Shot and Lehudib's Crystal Spear to your library.
There is a transporter here.
There is a transporter here.
Welcome to arena 2.
You enter the transporter and appear at another place. 3 draconians come into view.
Gozag incites the draconian against you.
The draconian roars!
The draconian goes berserk!
Visions of slaying the draconian flood into your mind.
The draconian roars!
Found three items.
Found a transporter.
Visions of slaying the draconian flood into your mind.
The draconian rages.
You closely miss the draconian.
You headbutt the draconian, but do no damage.
Visions of slaying the draconian flood into your mind.
You block the draconian's attack. x2
The draconian hits you but does no damage.
You block the draconian's attack.
The draconian hits you with a +0 short sword.
You slash the draconian! Your headbutt misses the draconian.
The draconian is lightly wounded.
You hit the draconian. You closely miss the draconian.
Visions of slaying the draconian flood into your mind.
The draconian hits you but does no damage.
You block the draconian's attack. x2
The draconian hits you with a +0 short sword!!
Ouch! That really hurt!
You die...

▓▓▓▓▓▓▓▓▓▓▓▓▓
▓.8©8.▓.8©8.▓
▓."|=.▓.....▓
▓.....▓.....▓
▓.....▓.....▓
▓.ddd.▓.....▓
▓..@..▓..©..▓
▓..©..▓▓▓▓▓▓▓
▓▓▓▓▓▓▓


You could see 3 draconians.

Vanquished Creatures
  2 endoplasms (D)
2 creatures vanquished.

Vanquished Creatures (others)
  A shock serpent (shapeshifter) (D)
  A lindwurm (shapeshifter) (D)
  A mana viper (shapeshifter) (D)
  A merfolk (shapeshifter) (D)
4 creatures vanquished.

Grand Total: 6 creatures vanquished

Notes
Turn   | Place    | Note
-------+----------+-------------------------------------------
     0 | D        | GigaChad the Minotaur Fighter began the quest for the Orb.
     0 | D        | Reached XP level 1. HP: 19/19 MP: 0/0
    10 | D        | Became a worshipper of the Shining One
    11 | D        | Fell from the grace of the Shining One
    16 | D        | Became a worshipper of Zin the Law-Giver
    17 | D        | Fell from the grace of Zin
    22 | D        | Became a worshipper of Yredelemnul the Dark
    23 | D        | Fell from the grace of Yredelemnul
    26 | D        | Found a bloodstained altar of Trog.
    26 | D        | Found a shimmering blue altar of Sif Muna.
    26 | D        | Found a sacrificial altar of Ru.
    26 | D        | Found a stormy altar of Qazlal.
    28 | D        | Became a worshipper of Xom of Unknown Intention
    29 | D        | Fell from the grace of Xom
    37 | D        | Became a worshipper of the Wu Jian Council
    38 | D        | Fell from the grace of Wu Jian
    43 | D        | Became a worshipper of Vehumet
    44 | D        | Fell from the grace of Vehumet
    49 | D        | Became a worshipper of Uskayaw the Reveller
    50 | D        | Fell from the grace of Uskayaw
    53 | D        | Became a worshipper of Trog the Wrathful
    54 | D        | Fell from the grace of Trog
    56 | D        | Found an iron altar of Okawaru.
    61 | D        | Became a worshipper of Sif Muna the Loreminder
    62 | D        | Fell from the grace of Sif Muna
    64 | D        | Found a sparkling altar of Nemelex Xobeh.
    64 | D        | Found the +7 great mace "Firestarter" {inner flame, rF++}
    64 | D        | Found the +6 shillelagh "Devastator" {shatter}
    64 | D        | Found the +11 plutonium sword {Contam Stlth-}
    64 | D        | Found the +8 lance "Wyrmbane" {slay drac, rPois rF+ rC+
                  | AC+3}
    64 | D        | Found the +9 sword of Zonguldrok {reap}
    64 | D        | Found the +13 scythe of Curses {drain, Drain}
    64 | D        | Found the +5 sword of Power {vorpal}
    64 | D        | Found the +7 mace of Variability {chain chaos}
    64 | D        | Found the +7 Singing Sword {vorpal, sonic wave}
    64 | D        | Found the +8 storm bow {elec, penet}
    64 | D        | Found the +6 Majin-Bo {vamp, MP+6 Int+6}
    64 | D        | Found the +9 heavy crossbow "Sniper" {vorpal, Acc+∞ SInv}
    64 | D        | Found the +10 dark maul {vorpal}
    64 | D        | Found the +15 Maxwell's patent armour {-Cast -Tele rElec
                  | Will+ rCorr}
    64 | D        | Found the +18 shield of the Gong {rElec rN+ Will+ EV-5}
    64 | D        | Found the +14 obsidian axe {vorpal, Mesm Drain Fly SInv}
    65 | D        | Found a burning altar of Makhleb.
    65 | D        | Found a corrupted altar of Lugonu.
    65 | D        | Found an ancient bone altar of Kikubaaqudgha.
    65 | D        | Found a transporter.
    74 | D        | Became a worshipper of Qazlal Stormbringer
    75 | D        | Fell from the grace of Qazlal
    82 | D        | Became a worshipper of Warmaster Okawaru
    83 | D        | Fell from the grace of Okawaru
    88 | D        | Became a worshipper of Nemelex Xobeh the Trickster
    89 | D        | Fell from the grace of Nemelex Xobeh
    92 | D        | Became a worshipper of Makhleb the Destroyer
    93 | D        | Fell from the grace of Makhleb
    95 | D        | Found a viscous altar of Jiyva.
    98 | D        | Became a worshipper of Lugonu the Unformed
    98 | D        | Reached * piety under Lugonu
    99 | D        | Fell from the grace of Lugonu
   101 | D        | Found a hazy altar of Hepliaklqana.
   104 | D        | Became a worshipper of Kikubaaqudgha
   105 | D        | Fell from the grace of Kikubaaqudgha
   107 | D        | Found an opulent altar of Gozag.
   108 | D        | Found a blossoming altar of Fedhas.
   112 | D        | Became a worshipper of Jiyva Juca the Shapeless
   112 | D        | Killed a mana viper
   113 | D        | Fell from the grace of Jiyva
   113 | D        | Killed a lindwurm
   116 | D        | Killed a merfolk
   116 | D        | Killed a shock serpent
   118 | D        | Became a worshipper of Hepliaklqana the Forgotten
   119 | D        | Fell from the grace of Hepliaklqana
   124 | D        | Became a worshipper of Gozag Ym Sagoz the Greedy
   125 | D        | Fell from the grace of Gozag
   128 | D        | Became a worshipper of Fedhas Madash
   129 | D        | Fell from the grace of Fedhas
   134 | D        | Became a worshipper of Elyvilon the Healer
   135 | D        | Fell from the grace of Elyvilon
   140 | D        | Became a worshipper of Dithmenos the Shadowed
   141 | D        | Fell from the grace of Dithmenos
   146 | D        | Became a worshipper of Cheibriados the Contemplative
   147 | D        | Fell from the grace of Cheibriados
   233 | D        | Entered arena 2.
   233 | D        | Found a transporter.
   240 | D        | Got Sif Muna's Papyrus of Earthen Moulding
   247 | D        | Entered arena 3.
   247 | D        | Noticed a draconian
   247 | D        | Noticed a draconian
   247 | D        | Noticed a draconian
   247 | D        | Found a transporter.
   250 | D        | Mangled by a draconian

Illustrated notes

Levels and vault maps discovered:
D:        sprint_v [room_start, room_1, room_2, room_3, room_4, room_5, room_6,
          room_7, room_8, room_9, room_10, room_11, room_12, room_13, room_14,
          room_15, room_16, room_17, room_18, room_19, room_20, room_21,
          room_22, room_23, room_24, room_25, room_26, room_27]

Action                   || total
-------------------------++-------
Melee: Broad axe         ||     4
       Headbutt          ||     1
Invok: Renounce Religion ||    22
Armor: Crystal plate arm ||     5
Block: Tower shield      ||    12
